 Dungeon Crawl Stone Soup version 0.21.1-1-g345015fe64 (webtiles) character file.

54479 Ratz the Cruncher (level 15, -32/122 HPs)
             Began as a Formicid Fighter on May 15, 2018.
             Was a Believer of Uskayaw.
             Hit by a large rock thrown by a stone giant (43 damage)
             ... on level 11 of the Dungeon.
             The game lasted 01:15:06 (24436 turns).

Ratz the Cruncher (Formicid Fighter)               Turns: 24436, Time: 01:15:06

Health: -32/122    AC: 11    Str: 23    XL:     15   Next: 14%
Magic:  23/23      EV: 11    Int: 16    God:    Uskayaw [**....]
Gold:   1548       SH: 11    Dex:  8    Spells: 8/14 levels left

rFire    . . .     SeeInvis +   O - +6 flail of Inference {freeze, Int+4}
rCold    + . .     Gourm    .   c - +0 shield
rNeg     . . .     Faith    .   R - +0 acid dragon scales
rPois    +         Spirit   .   (helmet unavailable)
rElec    .         Reflect  .   b - scarf {repulsion}
rCorr    +         Harm     .   t - +1 pair of gloves
MR       +....                  (no boots)
Stlth    +.........             (no amulet)
HPRegen  0.30/turn              j - ring of teleportation (curse)
MPRegen  0.18/turn              v - ring of protection from cold

@: repel missiles
A: permanent stasis, dig shafts and tunnels, four strong arms, antennae 3, claws
1, clumsy 1, poison resistance
a: Dig, Shaft Self, Stomp, Line Pass, Renounce Religion


You were on level 11 of the Dungeon.
You worshipped Uskayaw.
Uskayaw was aware of your devotion.
You were not hungry.

You visited 3 branches of the dungeon, and saw 20 of its levels.
You also visited: Volcano.

You collected 1688 gold pieces.
You spent 140 gold pieces at shops.

Inventory:

Hand Weapons
 O - the +6 flail of Inference (weapon) {freeze, Int+4}
   (You found it on level 3 of the Lair of Beasts)

   It has been specially enchanted to freeze those struck by it, causing extra
   injury to most foes and up to half again as much damage against particularly
   susceptible opponents.
   It can also slow down cold-blooded creatures.
   It affects your intelligence (+4).
Missiles
 h - a poisoned tomahawk (quivered)
Armour
 b - a scarf of repulsion (worn)
 c - a +0 shield (worn)
 t - a +1 pair of gloves (worn)
 R - +0 acid dragon scales (worn)
Jewellery
 j - a cursed ring of teleportation (left hand)
 v - a ring of protection from cold (right hand)
 K - an uncursed ring of ice
Wands
 u - a wand of acid (37)
 E - a wand of scattershot (4)
 F - a wand of flame (4)
 M - a wand of iceblast (15)
 S - a wand of digging (4)
 T - a wand of polymorph (13)
Scrolls
 a - 2 scrolls of random uselessness {unknown}
 k - 2 scrolls of brand weapon
 m - 2 scrolls of vulnerability
 n - a scroll of fog
 o - 10 scrolls of remove curse
 q - a scroll of immolation
 r - 5 scrolls of magic mapping
 z - 3 scrolls of amnesia
 A - a scroll of fear
 C - 4 scrolls of enchant weapon
 D - 2 scrolls of torment
 N - a scroll of summoning
 P - a scroll of identify
Potions
 d - a potion of might
 i - 3 potions of agility
 l - 3 potions of cancellation
 s - 3 potions of heal wounds
 w - 10 potions of curing
 G - 3 potions of ambrosia
 I - 2 potions of resistance
Miscellaneous
 J - a sack of spiders
Comestibles
 f - 26 rations
 g - a chunk of flesh


   Skills:
 - Level 12.4 Fighting
 + Level 8.4(11.6) Maces & Flails
   Level 12.7(13.5) Staves
 + Level 12.4 Armour
 - Level 9.3 Shields
 + Level 2.0 Necromancy
 - Level 2.0 Translocations
 - Level 11.0 Invocations
 - Level 6.0 Evocations


You had 8 spell levels left.
You knew the following spells:

 Your Spells              Type           Power        Failure   Level  Hunger
a - Animate Skeleton      Necr           N/A          13%         1    ##.....
b - Apportation           Tloc           #.....       13%         1    ##.....
c - Animate Dead          Necr           N/A          77%         4    #####..


Dungeon Overview and Level Annotations

Branches:
Dungeon (13/15)            Temple (1/1) D:7            Lair (6/6) D:8
  Swamp (0/4) Lair:3       Spider (0/4) Lair:4        Slime (0/5) Lair:5
    Orc (0/2) D:11
 Vaults: D:13-14

Altars:
Ashenzari
Cheibriados
Dithmenos
Elyvilon
Fedhas
Gozag
Hepliaklqana
Kikubaaqudgha
Makhleb
Nemelex Xobeh
Okawaru
Qazlal
Ru
Sif Muna
Trog
Uskayaw
Vehumet
Wu Jian
Xom
Yredelemnul
Zin
The Shining One

Shops:
D:7 *

Annotations:
D:7 exclusion: hydra


Innate Abilities, Weirdness & Mutations

You cannot be hasted, slowed, berserked, paralysed or teleported.
You can dig through walls and to a lower floor.
Your four strong arms can wield two-handed weapons with a shield.
You have a pair of large antennae on your head. (SInv)
You have sharp fingernails.
You are clumsy. (Dex -2)
Your system is resistant to poisons. (rPois)


Message History

You block the large rock. The efreet gestures at you.
The bolt of fire hits you!
You can now pass through a line of other dancers.
You barely miss the efreet.
The efreet is heavily wounded.
The stone giant throws a large rock.
The large rock is repelled.
An ugly thing, a cyclops and a zombie come into view.
You thump the efreet! You freeze the efreet.
The efreet is severely wounded.
The efreet hits you with a scimitar of flaming.
The efreet burns you.
The worker ant zombie moves out of view.
The stone giant throws a large rock.
The large rock hits you!!!
* * * LOW HITPOINT WARNING * * *
You sock the efreet! You freeze the efreet.
The efreet is almost dead.
The efreet barely misses you.
The stone giant throws a large rock.
The large rock hits you!!!
You die...

)[.......≈≈≈#......#{ #.........
[........≈≈≈#..##..#.. #.........
.........≈≈≈#..##..#C{ #.........
.......(:≈≈≈'..##..F #.........
.........≈≈≈#..##..# ###.........
.........≈≈≈#..##u.#...#.........
.........≈≈≈#......C.. #.........
.........≈≈8#......# #.........
........#####÷##@### #.........
#.......#......#R..# #.........
#......##......#...# #.........
#.###.#.#......#$..# #.........
.## ##.############### #....#....
## #.#..#.....#....# #....#..#.
##....##..#.>...###....##..#
#...###.#.#####..##.#..####.
##### ##### ########## ##


You could see a stone giant, a green ugly thing, a cyclops, an efreet and a
bullfrog.

Vanquished Creatures
  Harold (Lair:2)
  Fannar (Lair:1)
  7 hydras
  Erolcha (D:9)
  A catoblepas (Lair:6)
  3 death yaks (Lair:6)
  3 centaur warriors (D:13)
  2 two-headed ogres
  2 lindwurms (Lair:6)
  A deep elf mage (D:12)
  A cyclops (D:13)
  2 manticores (Lair:6)
  3 ugly things
  11 elephants
  4 black mambas
  9 spiny frogs
  2 torpor snails
  2 centaur skeletons (D:10)
  3 rime drakes
  A kobold demonologist (D:12)
  9 komodo dragons
  The ghost of yann the Sneak, a novice OpWz of Nemelex Xobeh (D:4)
  A polar bear (Lair:2)
  2 trolls
  7 dream sheep
  13 blink frogs
  4 slime creatures (D:12)
  A raiju (shapeshifter) (D:13)
  Prince Ribbit (D:7)
  9 hippogriffs
  Sigmund (D:4)
  39 yaks
  A redback (Lair:4)
  4 wyverns
  A wraith (D:12)
  4 basilisks
  A fire elemental (Volcano)
  2 hungry ghosts
  4 vampire mosquitoes
  Menkaure (D:4)
  2 insubstantial wisps (Lair:6)
  An acid dragon (D:11)
  Duvessa (D:4)
  11 water moccasins
  An ice beast (D:7)
  7 porcupines
  8 orc warriors
  5 phantoms
  3 sky beasts
  2 swamp drakes
  6 ogres
  2 eyes of draining
  2 necrophages
  12 wolves
  13 crocodiles
  A big kobold (D:7)
  13 bullfrogs
  A gnoll sergeant (D:12)
  An earth elemental (Volcano)
  Dowan (D:4)
  A wyvern skeleton (D:10)
  2 scorpions
  4 vampire bats (Lair:4)
  6 killer bees (D:10)
  A wight (D:13)
  6 howler monkeys
  4 electric eels (D:8)
  3 crimson imps
  2 bullfrog zombies
  8 hounds
  2 centaur zombies
  7 jellies
  2 quasits
  11 orc priests
  5 orc wizards
  2 bullfrog skeletons (D:11)
  5 iguanas
  7 worker ants
  Terence (D:2)
  A hound zombie (D:11)
  A hound skeleton (D:4)
  Robin (D:4)
  A worker ant zombie (D:7)
  3 gnolls (D:12)
  3 adders
  4 shadow imps
  7 oozes
  An adder zombie (D:6)
  2 adder skeletons
  3 worms
  3 dart slugs (D:1)
  8 leopard geckos
  50 orcs
  A ball python (D:2)
  6 bats
  10 giant cockroaches
  15 goblins
  15 hobgoblins
  13 jackals
  6 quokkas
  3 frilled lizards (D:3)
  10 kobolds
  2 leopard gecko skeletons
  A quokka skeleton (D:5)
  6 rats
  2 fungi (Lair:5)
516 creatures vanquished.

Vanquished Creatures (others)
  15 fungi
  8 plants
23 creatures vanquished.

Grand Total: 539 creatures vanquished

Notes
Turn   | Place    | Note
-------+----------+-------------------------------------------
     0 | D:1      | Ratz the Formicid Fighter began the quest for the Orb.
     0 | D:1      | Reached XP level 1. HP: 18/18 MP: 1/1
    59 | D:1      | Reached XP level 2. HP: 20/24 MP: 2/2
   234 | D:1      | Reached XP level 3. HP: 29/30 MP: 3/3
   891 | D:2      | Reached XP level 4. HP: 34/37 MP: 4/4
  1301 | D:3      | Reached XP level 5. HP: 24/43 MP: 5/5
  1901 | D:3      | Found a blossoming altar of Fedhas.
  1957 | D:3      | Reached XP level 6. HP: 49/49 MP: 6/6
  1969 | D:3      | Reached skill level 5 in Staves
  2302 | D:2      | Reached skill level 5 in Fighting
  2308 | D:2      | Noticed Terence
  2322 | D:2      | Killed Terence
  2559 | D:4      | Noticed Duvessa
  2572 | D:4      | Killed Duvessa
  2572 | D:4      | Reached XP level 7. HP: 32/56 MP: 7/7
  2707 | D:4      | Noticed yann's ghost (novice OpWz)
  2737 | D:4      | Killed yann's ghost
  2737 | D:4      | Reached skill level 5 in Shields
  2777 | D:4      | Reached XP level 8. HP: 40/64 MP: 8/8
  2875 | D:4      | Noticed Robin
  2968 | D:4      | Killed Robin
  3029 | D:4      | Noticed Menkaure
  3053 | D:4      | Killed Menkaure
  3290 | D:4      | Noticed Dowan
  3324 | D:4      | Killed Dowan
  3809 | D:4      | Reached skill level 5 in Armour
  4054 | D:4      | Found a snail-covered altar of Cheibriados.
  4055 | D:4      | Found a hide-covered altar of Uskayaw.
  4062 | D:4      | Became a worshipper of Uskayaw the Reveler
  4136 | D:4      | Noticed Sigmund
  4149 | D:4      | Reached * piety under Uskayaw
  4153 | D:4      | Reached ** piety under Uskayaw
  4156 | D:4      | Killed Sigmund
  4156 | D:4      | Reached XP level 9. HP: 71/72 MP: 9/9
  4156 | D:4      | Reached *** piety under Uskayaw
  4212 | D:5      | Entered Level 5 of the Dungeon
  4570 | D:5      | Found a stormy altar of Qazlal.
  5150 | D:6      | Found a bloodstained altar of Trog.
  5453 | D:6      | Found a sparkling altar of Nemelex Xobeh.
  5494 | D:6      | Found a glowing silver altar of Zin.
  5821 | D:7      | Found Apagacs's Assorted Antiques.
  5829 | D:7      | Noticed Prince Ribbit
  5854 | D:7      | Killed Prince Ribbit
  5861 | D:7      | Bought a scroll labeled COOXTA BEDAMN for 28 gold pieces
  5861 | D:7      | Bought a scroll labeled JOTZEULL FICE for 28 gold pieces
  5861 | D:7      | Bought a scroll labeled WUZXOS PUFUYSI for 28 gold pieces
  5861 | D:7      | Bought a scroll labeled JOTZEULL FICE for 28 gold pieces
  5861 | D:7      | Bought a scroll labeled JOTZEULL FICE for 28 gold pieces
  5903 | D:7      | Gained mutation: Your system is resistant to poisons. (rPois) [potion of mutation]
  5903 | D:7      | Gained mutation: You are clumsy. (Dex -2) [potion of mutation]
  5903 | D:7      | Gained mutation: You have sharp fingernails. [potion of mutation]
  6246 | D:7      | Found a shimmering altar of Xom.
  6386 | D:7      | Reached XP level 10. HP: 55/80 MP: 10/10
  6534 | D:7      | Noticed a seven-headed hydra
  6713 | D:7      | Found a staircase to the Ecumenical Temple.
  6722 | Temple   | Entered the Ecumenical Temple
  7013 | D:8      | Reached skill level 1 in Invocations
  7284 | D:8      | Reached **** piety under Uskayaw
  7322 | D:8      | Noticed a two-headed ogre
  7337 | D:8      | You fall through a shaft for 2 floors!
  7337 | D:10     | Entered Level 10 of the Dungeon
  7645 | D:10     | You fall through a shaft!
  7664 | D:11     | Reached ***** piety under Uskayaw
  7677 | D:11     | Noticed a white ugly thing
  8290 | D:8      | Found a hide-covered altar of Uskayaw.
  8511 | D:8      | Killed a two-headed ogre
  8511 | D:8      | Reached skill level 5 in Invocations
  8662 | D:8      | Found a staircase to the Lair.
  9387 | D:9      | Reached XP level 11. HP: 87/87 MP: 14/14
  9394 | D:9      | Noticed Erolcha
  9412 | D:9      | Killed Erolcha
  9412 | D:9      | Reached skill level 10 in Staves
  9553 | D:9      | Found an ancient bone altar of Kikubaaqudgha.
 10925 | Lair:1   | Entered Level 1 of the Lair of Beasts
 10976 | Lair:1   | Found a dark tunnel.
 10983 | Volcano  | Entered a volcano
 11443 | Lair:1   | Reached skill level 10 in Fighting
 11628 | Lair:1   | Noticed a six-headed hydra
 11669 | Lair:1   | Reached ****** piety under Uskayaw
 11670 | Lair:1   | Killed a six-headed hydra
 11670 | Lair:1   | Reached XP level 12. HP: 13/97 MP: 16/16
 13107 | Lair:2   | Noticed Fannar
 13172 | Lair:1   | Killed Fannar
 13533 | Lair:2   | Reached skill level 10 in Armour
 13963 | Lair:2   | Noticed a five-headed hydra
 13971 | Lair:2   | Noticed a six-headed hydra
 13987 | Lair:2   | Killed a five-headed hydra
 13995 | Lair:2   | Killed a six-headed hydra
 14756 | Lair:2   | Noticed a five-headed hydra
 14765 | Lair:2   | Killed a five-headed hydra
 14765 | Lair:2   | Reached XP level 13. HP: 80/105 MP: 19/19
 14910 | Lair:2   | Noticed Harold
 14942 | Lair:2   | Killed Harold
 15514 | Lair:3   | Found a staircase to the Swamp.
 15736 | Lair:3   | Reached skill level 10 in Invocations
 15747 | Lair:3   | Got an ichor-stained flail
 15748 | Lair:3   | Identified the +6 flail of Inference {freeze, Int+4} (You found it on level 3 of the Lair of Beasts)
 16133 | Lair:4   | Reached skill level 1 in Maces & Flails
 16959 | Lair:4   | Found a hole to the Spider Nest.
 17766 | Lair:5   | Found a staircase to the Slime Pits.
 18005 | Lair:5   | Reached XP level 14. HP: 112/116 MP: 22/22
 18124 | Lair:5   | Reached skill level 5 in Maces & Flails
 18369 | Lair:5   | Reached skill level 1 in Evocations
 18574 | Lair:6   | Entered Level 6 of the Lair of Beasts
 20458 | Lair:6   | Reached skill level 5 in Evocations
 21040 | Lair:6   | Identified a scroll of acquirement
 21381 | D:11     | Found a staircase to the Orcish Mines.
 21584 | D:11     | Learned a level 1 spell: Animate Skeleton
 21586 | D:11     | Learned a level 1 spell: Apportation
 22663 | D:12     | Identified Qohuplop's Grimoire of Stolen Souls and Arcane Weapons
 22783 | D:12     | Reached skill level 1 in Necromancy
 23537 | D:12     | Learned a level 4 spell: Animate Dead
 23547 | D:12     | Got a warped hand axe
 23548 | D:12     | Identified the +8 hand axe of Eptihoenni {pain, rN+} (You found it on level 12 of the Dungeon)
 23752 | D:12     | Reached XP level 15. HP: 110/122 MP: 23/23
 23817 | D:13     | Reached skill level 1 in Translocations
 24433 | D:11     | Noticed a stone giant
 24436 | D:11     | Hit by a large rock thrown by a stone giant

Skill      XL: |  1  2  3  4  5  6  7  8  9 10 11 12 13 14 15 |
---------------+----------------------------------------------+-----
Staves         | 3 4 5 6 7 8 9 11 12 | 12.7
Fighting       | 4 5 6 7 8 10 12 | 12.4
Shields        | 4 5 6 8 9 |  9.3
Armour         | 5 7 9 10 12 | 12.4
Invocations    | 5 6 9 11 | 11.0
Maces & Flails | 4 8 |  8.4
Evocations     | 6 |  6.0
Necromancy     | 2 |  2.0
Translocations | 2 |  2.0

Action                   |  1- 3 |  4- 6 |  7- 9 | 10-12 | 13-15 || total
-------------------------+-------+-------+-------+-------+-------++-------
Melee: Quarterstaff      |    93 |   195 |   401 |   953 |    91 ||  1733
       Flail             |       |       |       |       |   813 ||   813
Throw: Tomahawk          |       |       |       |     4 |       ||     4
 Cast: Animate Skeleton  |       |       |       |       |     1 ||     1
 Abil: Dig               |       |     3 |     7 |     5 |    24 ||    39
       Shaft Self        |       |       |       |     2 |       ||     2
Evoke: Wand              |       |       |       |     8 |       ||     8
  Use: Scroll            |       |     1 |    10 |     7 |    10 ||    28
       Potion            |       |       |     7 |       |     1 ||     8
 Stab: Paralysed         |       |       |     3 |    42 |    56 ||   101
       Petrified         |       |       |       |       |     1 ||     1
  Eat: Chunk             |       |     6 |    13 |    21 |    31 ||    71
       Ration            |       |       |       |     3 |     1 ||     4
Armor: Scale mail        |    22 |    27 |       |       |       ||    49
       Chain mail        |       |    23 |    45 |       |       ||    68
       Plate armour      |       |       |    93 |   334 |   219 ||   646
       Skin              |       |       |     1 |       |       ||     1
       Acid dragon scale |       |       |       |       |    42 ||    42
Dodge: Dodged            |    24 |    47 |    48 |   165 |   179 ||   463
       Deflected         |       |       |       |       |     2 ||     2
Block: Shield            |    33 |    69 |   157 |   361 |   348 ||   968
